[Event "Eurasia Open Cup 2019"]
[Site "Ekaterinburg"]
[Date "2019.08.05"]
[Round "5.2"]
[White "Pridorozhni, Aleksei"]
[Black "Drygalov, Sergey"]
[Result "1-0"]
[ECO "B90"]
[WhiteElo "2586"]
[BlackElo "2492"]
[Annotator "ChessBase"]
[PlyCount "107"]
[EventDate "2019.07.31"]
[EventType "swiss"]
[EventCountry "RUS"]
[SourceTitle "playchess.com"]
[Source "ChessBase"]
[SourceQuality "1"]
[TimeControl "5400+30"]

1. e4 c5 2. Nf3 d6 3. d4 cxd4 4. Nxd4 Nf6 5. Nc3 a6 6. Be3 e5 7. Nb3 Be6 8. f3 Be7 9. Qd2 O-O 10. O-O-O Nbd7 11. g4 b5 12. g5 Nh5 13. Rg1 Nb6 14. Nd5 Nxd5 15. exd5 Bf5 16. Na5 f6 17. Nc6 Qd7 18. h4 fxg5 19. hxg5 Bg6 20. Kb1 Rae8 21. Ka1 Rxf3 22. Be2 Rg3 23. c4 bxc4 24. Bxc4 Bf8 25. Bxa6 Ra8 26. Bc4 Qh3 27. Rde1 Qh4 28. b3 Rh3 29. Bf2 Qf4 30. Be3 Qh4 31. Bf1 Rh2 32. Re2 Rxe2 33. Bxe2 Qe4 34. Bc4 Ng3 35. Bf2 Nf5 36. Kb2 Qf3 37. a4 e4 38. Nd4 Nxd4 39. Bxd4 Be7 40. a5 e3 41. Bxe3 Bd8 42. Rf1 Qe4 43. a6 Ba5 44. Qxa5 Qxe3 45. Qb4 Bd3 46. Qe1 Qd4+ 47. Qc3 Qxc3+ 48. Kxc3 Bxc4 49. Kxc4 Rxa6 50. Kb5 Ra2 51. Kc6 Rg2 52. b4 Rxg5 53. b5 Rg2 54. Rb1 1-0

[Event "Eurasia Open Cup 2019"]
[Site "Ekaterinburg"]
[Date "2019.08.05"]
[Round "5.3"]
[White "Kokarev, Dmitry"]
[Black "Burmakin, Vladimir"]
[Result "1/2-1/2"]
[ECO "B15"]
[WhiteElo "2607"]
[BlackElo "2506"]
[Annotator "ChessBase"]
[PlyCount "80"]
[EventDate "2019.07.31"]
[EventType "swiss"]
[EventCountry "RUS"]
[SourceTitle "playchess.com"]
[Source "ChessBase"]
[SourceQuality "1"]
[TimeControl "5400+30"]

1. e4 c6 2. Nc3 d5 3. Nf3 dxe4 4. Nxe4 Nf6 5. Nxf6+ exf6 6. d4 Bd6 7. Bd3 O-O 8. O-O Re8 9. Re1 Rxe1+ 10. Qxe1 Nd7 11. Be3 Nf8 12. h3 Be6 13. c4 Qd7 14. Bf1 Bf5 15. Qc3 Rd8 16. Rd1 Bb8 17. Qb3 h5 18. d5 Be4 19. Nd2 Bf5 20. dxc6 bxc6 21. Be2 Qc7 22. Nf1 Rxd1 23. Bxd1 g6 24. Qc3 Nd7 25. b4 Qe5 26. Bd4 Qe4 27. Bf3 Qb1 28. Bxc6 Ne5 29. Bd5 Bd3 30. Qa1 Qxb4 31. a3 Qb3 32. Ne3 Nxc4 33. Bxf6 Bd6 34. g3 Bc5 35. Bh8 Qb1+ 36. Qxb1 Bxb1 37. Nxc4 Kxh8 38. Bxf7 Kg7 39. Bd5 Ba2 40. a4 Bxc4 1/2-1/2

[Event "Eurasia Open Cup 2019"]
[Site "Ekaterinburg"]
[Date "2019.08.05"]
[Round "5.4"]
[White "Shaposhnikov, Evgeny"]
[Black "Kostenko, Petr"]
[Result "1/2-1/2"]
[ECO "A92"]
[WhiteElo "2575"]
[BlackElo "2471"]
[Annotator "ChessBase"]
[PlyCount "143"]
[EventDate "2019.07.31"]
[EventType "swiss"]
[EventCountry "RUS"]
[SourceTitle "playchess.com"]
[Source "ChessBase"]
[SourceQuality "1"]
[TimeControl "5400+30"]

1. Nf3 f5 2. g3 Nf6 3. Bg2 e6 4. O-O Be7 5. c4 O-O 6. d4 d5 7. cxd5 exd5 8. Bg5 c6 9. Bxf6 Bxf6 10. Nc3 Qe7 11. Rb1 Na6 12. a3 Nc7 13. b4 g5 14. e3 f4 15. exf4 gxf4 16. Qd2 Qg7 17. b5 Bg4 18. bxc6 bxc6 19. Ne2 fxg3 20. fxg3 Nb5 21. Rb3 Rae8 22. Re3 Nd6 23. Rxe8 Rxe8 24. Qf4 Nc4 25. h3 Bc8 26. Nc3 Rf8 27. g4 Bd8 28. Qc1 Be7 29. a4 Ba3 30. Qe1 Bd6 31. Kh1 Bd7 32. Qh4 Ne3 33. Re1 Nc2 34. Rd1 Ne3 35. Re1 Nxg2 36. Kxg2 c5 37. Qh5 Qf7 38. Qxf7+ Rxf7 39. dxc5 Bxc5 40. Rd1 d4 41. Nxd4 Bxd4 42. Rxd4 Bc6+ 43. Kg1 Rf3 44. Rc4 Bd7 45. Kg2 Rd3 46. Rc7 Be6 47. a5 a6 48. Kh2 h5 49. Ne4 hxg4 50. hxg4 Ra3 51. g5 Bf5 52. Nf6+ Kf8 53. Rc5 Bd3 54. Kg3 Kf7 55. Ng4 Be2+ 56. Kh4 Ra4 57. g6+ Kxg6 58. Rg5+ Kf7 59. Kg3 Bb5 60. Ne3 Rxa5 61. Nc4 Ra4 62. Nd6+ Kf6 63. Rc5 Bd3 64. Nb7 Rd4 65. Ra5 Ke7 66. Nc5 Rd5 67. Ra3 Rxc5 68. Rxd3 a5 69. Kf3 a4 70. Ke3 Ra5 71. Ra3 Kd6 72. Ke4 1/2-1/2

[Event "Eurasia Open Cup 2019"]
[Site "Ekaterinburg"]
[Date "2019.08.05"]
[Round "5.5"]
[White "Ovchinnikov, Vsevolod"]
[Black "Bocharov, Ivan"]
[Result "0-1"]
[ECO "E11"]
[WhiteElo "2346"]
[BlackElo "2559"]
[Annotator "ChessBase"]
[PlyCount "108"]
[EventDate "2019.07.31"]
[EventType "swiss"]
[EventCountry "RUS"]
[SourceTitle "playchess.com"]
[Source "ChessBase"]
[SourceQuality "1"]
[TimeControl "5400+30"]

1. d4 Nf6 2. c4 e6 3. g3 Bb4+ 4. Bd2 Be7 5. Bg2 d5 6. Nf3 O-O 7. O-O Nbd7 8. Qc2 c6 9. b3 Ne4 10. Nc3 f5 11. Nxe4 fxe4 12. Ne1 b5 13. cxd5 cxd5 14. Qc6 Nb6 15. Qxb5 Bd7 16. Qa5 Rc8 17. f3 Bf6 18. e3 e5 19. dxe5 Bxe5 20. Rc1 Rxc1 21. Bxc1 Qc7 22. Bd2 Bf5 23. fxe4 dxe4 24. Bb4 Rf6 25. Nc2 Bg6 26. Rxf6 gxf6 27. Qc5 Nd7 28. Qd5+ Kg7 29. Bxe4 Nb6 30. Qd3 Bxg3 31. Bxg6 Bxh2+ 32. Kf1 hxg6 33. Nd4 Qd7 34. Qe4 Nd5 35. Bd2 Be5 36. Nf3 Bc3 37. Bxc3 Nxc3 38. Qd4 Qxd4 39. Nxd4 Nxa2 40. Nc6 a6 41. Ke1 g5 42. Kd2 g4 43. Nd4 Kg6 44. e4 Kg5 45. Ke3 Nc3 46. b4 Kh4 47. Kf4 Kh3 48. Nf5 Na2 49. e5 fxe5+ 50. Kxe5 Nxb4 51. Kd4 g3 52. Nxg3 Kxg3 53. Kc5 a5 54. Kb5 Nc6 0-1

[Event "Eurasia Open Cup 2019"]
[Site "Ekaterinburg"]
[Date "2019.08.05"]
[Round "5.6"]
[White "Sargsyan, Shant"]
[Black "Guseva, Marina"]
[Result "1-0"]
[ECO "D10"]
[WhiteElo "2529"]
[BlackElo "2379"]
[Annotator "ChessBase"]
[PlyCount "105"]
[EventDate "2019.07.31"]
[EventType "swiss"]
[EventCountry "RUS"]
[SourceTitle "playchess.com"]
[Source "ChessBase"]
[SourceQuality "1"]
[TimeControl "5400+30"]

1. d4 d5 2. c4 c6 3. cxd5 cxd5 4. Bf4 Nf6 5. e3 Nc6 6. Nc3 Bg4 7. f3 Bd7 8. Bd3 e6 9. g4 Be7 10. Nge2 O-O 11. h4 Ne8 12. a3 Na5 13. Kf2 Bxh4+ 14. Kg2 h6 15. Rh3 Nc4 16. Qh1 Bg5 17. Bxg5 Qxg5 18. f4 Qe7 19. b3 Nd2 20. g5 e5 21. Rg3 e4 22. Bc2 Be6 23. Qh5 Rd8 24. Rh1 Kh8 25. f5 Bxf5 26. Nf4 Qc7 27. g6 fxg6 28. Rxg6 Rd6 29. Ncxd5 Rxg6+ 30. Nxg6+ Bxg6 31. Qxg6 Qd6 32. Nf4 Qc7 33. Bxe4 Nxe4 34. Qxe4 Kg8 35. Qe6+ Qf7 36. Rc1 Qxe6 37. Nxe6 Rf6 38. Nc5 Nd6 39. e4 b6 40. Nd7 Rg6+ 41. Kf3 Re6 42. e5 Re7 43. Nf6+ gxf6 44. exd6 Rd7 45. Rc6 Kf7 46. Ke4 Ke6 47. d5+ Kf7 48. Kf5 Ke8 49. Rc8+ Rd8 50. Ke6 Rxc8 51. d7+ Kd8 52. dxc8=Q+ Kxc8 53. Ke7 1-0

[Event "Eurasia Open Cup 2019"]
[Site "Ekaterinburg"]
[Date "2019.08.05"]
[Round "5.7"]
[White "Gleizerov, Evgeny"]
[Black "Afanasiev, Nikita"]
[Result "1-0"]
[ECO "D85"]
[WhiteElo "2498"]
[BlackElo "2514"]
[Annotator "ChessBase"]
[PlyCount "107"]
[EventDate "2019.07.31"]
[EventType "swiss"]
[EventCountry "RUS"]
[SourceTitle "playchess.com"]
[Source "ChessBase"]
[SourceQuality "1"]
[TimeControl "5400+30"]

1. d4 Nf6 2. c4 g6 3. Nc3 d5 4. cxd5 Nxd5 5. Bd2 Bg7 6. e4 Nxc3 7. Bxc3 O-O 8. Bc4 c5 9. d5 Bxc3+ 10. bxc3 Qa5 11. Ne2 Nd7 12. O-O Nb6 13. Bb3 Bd7 14. c4 e5 15. Nc1 Rae8 16. Nd3 Nc8 17. Qe2 Nd6 18. Qe3 b6 19. f4 exf4 20. Qxf4 Nxe4 21. Ne5 Bf5 22. Nc6 Qd2 23. Nxa7 Qxf4 24. Rxf4 Bd7 25. Nb5 f5 26. a4 Ra8 27. Rd1 Bxb5 28. cxb5 Nd6 29. Rff1 Rfe8 30. Rfe1 Kf7 31. Kf2 c4 32. Bc2 Kf6 33. Kf3 Re5 34. g4 fxg4+ 35. Kxg4 Rae8 36. Rxe5 Rxe5 37. Rd2 Re3 38. Kf4 Rh3 39. Re2 Nf7 40. Re6+ Kg7 41. Rxb6 Rxh2 42. Be4 Rh4+ 43. Ke3 Ng5 44. Bc2 Rh2 45. Bd1 Rh3+ 46. Kf4 Rd3 47. Bc2 Rxd5 48. a5 Ne6+ 49. Ke4 Rd4+ 50. Ke3 Rd5 51. Rxe6 Rxb5 52. a6 Kf7 53. Rc6 Ra5 54. Kd4 1-0

[Event "Eurasia Open Cup 2019"]
[Site "Ekaterinburg"]
[Date "2019.08.05"]
[Round "5.8"]
[White "Bocharov, Dmitry"]
[Black "Kozionov, Kirill"]
[Result "1/2-1/2"]
[ECO "E81"]
[WhiteElo "2506"]
[BlackElo "2454"]
[Annotator "ChessBase"]
[PlyCount "112"]
[EventDate "2019.07.31"]
[EventType "swiss"]
[EventCountry "RUS"]
[SourceTitle "playchess.com"]
[Source "ChessBase"]
[SourceQuality "1"]
[TimeControl "5400+30"]

1. c4 Nf6 2. d4 g6 3. Nc3 Bg7 4. e4 d6 5. f3 O-O 6. Be3 c5 7. Nge2 Nc6 8. d5 Ne5 9. Ng3 h5 10. Be2 h4 11. Nf1 e6 12. Nd2 exd5 13. cxd5 h3 14. g3 a6 15. a4 Bd7 16. a5 b5 17. axb6 Qxb6 18. Rb1 Qb4 19. O-O Bb5 20. Nxb5 axb5 21. Qb3 Qxb3 22. Nxb3 Rfb8 23. Rfc1 Nfd7 24. Nd2 c4 25. f4 Nd3 26. Bxd3 cxd3 27. Kf2 f5 28. Kf3 Nf6 29. Rc6 Re8 30. exf5 gxf5 31. Rxd6 Rac8 32. Nf1 Ng4 33. Re6 Red8 34. Rc6 Ra8 35. d6 Ra2 36. Rd1 Rxb2 37. Rxd3 Re8 38. Bd2 Rb1 39. Ne3 Nxh2+ 40. Ke2 Ng4 41. d7 Rd8 42. Nf1 Rb2 43. Rc8 Bf6 44. Rd6 Be7 45. Rxd8+ Bxd8 46. Re6 Ba5 47. Ra6 Bc7 48. Ra7 Bb6 49. Rb7 Ba5 50. Rb8+ Kg7 51. Ra8 h2 52. d8=Q Bxd8 53. Nxh2 Bf6 54. Nf3 b4 55. Ra7+ Kg6 56. Ra6 Kg7 1/2-1/2

[Event "Eurasia Open Cup 2019"]
[Site "Ekaterinburg"]
[Date "2019.08.05"]
[Round "5.10"]
[White "Zhigalko, Andrey"]
[Black "Postnikov, Daniil"]
[Result "1-0"]
[ECO "A16"]
[WhiteElo "2549"]
[BlackElo "2354"]
[Annotator "ChessBase"]
[PlyCount "101"]
[EventDate "2019.07.31"]
[EventType "swiss"]
[EventCountry "RUS"]
[SourceTitle "playchess.com"]
[Source "ChessBase"]
[SourceQuality "1"]
[TimeControl "5400+30"]

1. c4 Nf6 2. Nc3 d5 3. cxd5 Nxd5 4. g3 g6 5. Bg2 Nb6 6. h4 h6 7. d4 Bg7 8. Bf4 c6 9. Nf3 Be6 10. O-O N8d7 11. Qd2 Nd5 12. Nxd5 Bxd5 13. Rfd1 Qb6 14. a4 a5 15. Ra3 Nf6 16. Qc1 Rd8 17. Be5 O-O 18. Ne1 Ng4 19. Bxg7 Kxg7 20. e4 Be6 21. Qc3 Kh7 22. Nc2 f5 23. exf5 Bxf5 24. Rb3 Qa7 25. Ne3 Nxf2 26. Kxf2 Bg4+ 27. Ke1 Bxd1 28. Nxd1 Rxd4 29. Qe3 e5 30. h5 gxh5 31. Nf2 Rf7 32. Nd3 Re7 33. Nf4 Qc5 34. Be4+ Kg8 35. Ne2 Qc4 36. Bb1 Qf7 37. Ba2 Red7 38. Nxd4 exd4 39. Qf3 Qxf3 40. Rxf3+ Kg7 41. Kd2 Kg6 42. Bb1+ Kg5 43. Rf5+ Kg4 44. Rxa5 Rf7 45. Bd3 Kxg3 46. Rxh5 Rf6 47. a5 Kf4 48. b4 Rd6 49. Rf5+ Kg4 50. Rf7 c5 51. b5 1-0

[Event "Eurasia Open Cup 2019"]
[Site "Ekaterinburg"]
[Date "2019.08.05"]
[Round "5.11"]
[White "Fotin, Vladimir"]
[Black "Sivuk, Vitaly"]
[Result "1-0"]
[ECO "B08"]
[WhiteElo "2368"]
[BlackElo "2546"]
[Annotator "ChessBase"]
[PlyCount "145"]
[EventDate "2019.07.31"]
[EventType "swiss"]
[EventCountry "RUS"]
[SourceTitle "playchess.com"]
[Source "ChessBase"]
[SourceQuality "1"]
[TimeControl "5400+30"]

1. d4 Nf6 2. Bf4 g6 3. Nc3 Bg7 4. e4 d6 5. Qd2 c6 6. Bh6 O-O 7. Bxg7 Kxg7 8. Nf3 Bg4 9. e5 Nfd7 10. exd6 Bxf3 11. gxf3 exd6 12. h4 Nf6 13. O-O-O d5 14. Ne2 Nbd7 15. Ng3 h5 16. Bd3 Rh8 17. Rhg1 c5 18. Qf4 Rh7 19. Bb5 c4 20. Bxd7 Nxd7 21. Qd6 Nf6 22. Qe5 Kf8 23. Rde1 Rc8 24. Re3 Rc6 25. Rge1 Qc7 26. Qe7+ Qxe7 27. Rxe7 Re6 28. R7xe6 fxe6 29. Rxe6 Rf7 30. Kd2 Kg7 31. f4 Rd7 32. f3 Kf7 33. Re5 b5 34. f5 b4 35. Ke3 Rd6 36. fxg6+ Kxg6 37. Rg5+ Kf7 38. Nxh5 Nxh5 39. Rxh5 Ra6 40. Rxd5 Rxa2 41. b3 Rxc2 42. bxc4 Rxc4 43. Rd7+ Ke6 44. Rxa7 Rc1 45. Rb7 Rb1 46. Ke4 Re1+ 47. Kd3 Rd1+ 48. Ke4 Re1+ 49. Kf4 Rb1 50. Rb5 b3 51. h5 b2 52. h6 Kf7 53. Kf5 Kg8 54. Rb7 Kh8 55. f4 Kg8 56. Kf6 Kh8 57. f5 Kg8 58. d5 Kh8 59. d6 Rd1 60. Rxb2 Rxd6+ 61. Kg5 Rd1 62. Rb8+ Kh7 63. Rb7+ Kh8 64. f6 Rg1+ 65. Kf5 Rf1+ 66. Kg6 Rg1+ 67. Kf7 Rf1 68. Ke7 Re1+ 69. Kf8 Re6 70. f7 Kh7 71. Re7 Ra6 72. Re8 Ra7 73. Rc8 1-0

[Event "Eurasia Open Cup 2019"]
[Site "Ekaterinburg"]
[Date "2019.08.05"]
[Round "5.12"]
[White "Moiseenko, Vadim"]
[Black "Klukin, Kirill"]
[Result "1-0"]
[ECO "A45"]
[WhiteElo "2523"]
[BlackElo "2325"]
[Annotator "ChessBase"]
[PlyCount "97"]
[EventDate "2019.07.31"]
[EventType "swiss"]
[EventCountry "RUS"]
[SourceTitle "playchess.com"]
[Source "ChessBase"]
[SourceQuality "1"]
[TimeControl "5400+30"]

1. d4 Nf6 2. Bg5 e6 3. Nd2 h6 4. Bh4 c5 5. e3 Be7 6. c3 d6 7. Bd3 Nbd7 8. a4 cxd4 9. exd4 Nd5 10. Bg3 O-O 11. h3 f5 12. Ngf3 N7f6 13. c4 Nb4 14. Bb1 Bd7 15. O-O d5 16. Ne5 Be8 17. Re1 Bh5 18. Qb3 dxc4 19. Nexc4 Bf7 20. Ne5 Qd5 21. Nxf7 Kxf7 22. Qe3 Rac8 23. b3 Bd6 24. Bxd6 Qxd6 25. Nc4 Qd5 26. Bxf5 exf5 27. Qe7+ Kg8 28. Qxb4 Qxd4 29. Rad1 Qc5 30. Qxb7 Rb8 31. Qe7 Qxe7 32. Rxe7 Rxb3 33. Rxa7 Rc8 34. Ne5 Rbc3 35. a5 Re8 36. Ng6 Kh7 37. Ne7 Rc5 38. a6 Re5 39. Ra1 Ne4 40. Rc7 Nd6 41. a7 Ra8 42. Rd7 Nc4 43. Nc6 Rc5 44. Ra6 Ne5 45. Nxe5 Rxe5 46. Rb6 Ra5 47. Rbb7 Rg8 48. g3 Kg6 49. Rb8 1-0

[Event "Eurasia Open Cup 2019"]
[Site "Ekaterinburg"]
[Date "2019.08.05"]
[Round "5.13"]
[White "Vokhidov, Shamsiddin"]
[Black "Inozemtsev, Sergei"]
[Result "1-0"]
[ECO "C06"]
[WhiteElo "2515"]
[BlackElo "2295"]
[Annotator "ChessBase"]
[PlyCount "69"]
[EventDate "2019.07.31"]
[EventType "swiss"]
[EventCountry "RUS"]
[SourceTitle "playchess.com"]
[Source "ChessBase"]
[SourceQuality "1"]
[TimeControl "5400+30"]

1. e4 e6 2. d4 d5 3. Bd3 Nf6 4. e5 Nfd7 5. c3 c5 6. Ne2 cxd4 7. cxd4 Nc6 8. Nd2 f6 9. exf6 Qxf6 10. Nf3 h6 11. O-O Bd6 12. Ng3 O-O 13. Bc2 Rf7 14. Nh5 Qd8 15. Bg6 Re7 16. Bf4 Nf8 17. Bc2 Qc7 18. Qd2 Bd7 19. Rfe1 Be8 20. Ng3 Bg6 21. Ba4 Nd7 22. Rac1 Rf8 23. Bxd6 Qxd6 24. Bxc6 bxc6 25. Qc3 Rc8 26. Ne5 Nxe5 27. Rxe5 Rf7 28. Qe3 Rf6 29. Ne2 Be4 30. f3 Bg6 31. Nf4 Kf7 32. Rc5 Rc7 33. h4 Rb7 34. b3 Rb4 35. g4 1-0

[Event "Eurasia Open Cup 2019"]
[Site "Ekaterinburg"]
[Date "2019.08.05"]
[Round "5.15"]
[White "Balashov, Yuri S"]
[Black "Karpeshov, Oleg"]
[Result "1/2-1/2"]
[ECO "A16"]
[WhiteElo "2474"]
[BlackElo "2286"]
[Annotator "ChessBase"]
[PlyCount "75"]
[EventDate "2019.07.31"]
[EventType "swiss"]
[EventCountry "RUS"]
[SourceTitle "playchess.com"]
[Source "ChessBase"]
[SourceQuality "1"]
[TimeControl "5400+30"]

1. Nf3 Nf6 2. c4 g6 3. Nc3 d5 4. cxd5 Nxd5 5. Qa4+ Nc6 6. Ne5 Ndb4 7. a3 Nc2+ 8. Qxc2 Nxe5 9. d4 Nc6 10. d5 Ne5 11. f4 Ng4 12. h3 Nf6 13. e4 Bg7 14. Be3 c6 15. dxc6 bxc6 16. Bc4 O-O 17. O-O Qc7 18. Qf2 Nd7 19. Rac1 Qa5 20. e5 Nb6 21. Be2 f6 22. exf6 exf6 23. Bc5 Re8 24. Bb4 Qf5 25. Bg4 Qd3 26. Rfd1 Qa6 27. Bf3 Bd7 28. Ne4 Rad8 29. Be2 Qb7 30. Nd6 Qb8 31. Nxe8 Rxe8 32. Bf3 Nd5 33. Bxd5+ cxd5 34. Rxd5 Be6 35. Rd2 Bf5 36. Re1 Be4 37. Rd7 Bh6 38. Qd4 1/2-1/2

[Event "Eurasia Open Cup 2019"]
[Site "Ekaterinburg"]
[Date "2019.08.05"]
[Round "5.16"]
[White "Tsybikov, Tumen"]
[Black "Nesterov, Arseniy"]
[Result "0-1"]
[ECO "C36"]
[WhiteElo "2281"]
[BlackElo "2451"]
[Annotator "ChessBase"]
[PlyCount "88"]
[EventDate "2019.07.31"]
[EventType "swiss"]
[EventCountry "RUS"]
[SourceTitle "playchess.com"]
[Source "ChessBase"]
[SourceQuality "1"]
[TimeControl "5400+30"]

1. e4 e5 2. f4 d5 3. exd5 exf4 4. Nf3 Nf6 5. Bc4 Qe7+ 6. Be2 Nxd5 7. O-O Nc6 8. c4 Nb6 9. d4 Bg4 10. Bxf4 O-O-O 11. Nbd2 Nxd4 12. Nxd4 Bxe2 13. Nxe2 g5 14. Bg3 Qe3+ 15. Bf2 Qxd2 16. Nd4 Qxd1 17. Raxd1 Nxc4 18. Rc1 Nd6 19. Bg3 Rd7 20. Be5 Rg8 21. Nf5 Nxf5 22. Rxf5 b6 23. Rcf1 Bc5+ 24. Kh1 Rd5 25. Bc3 Rxf5 26. Rxf5 Rd8 27. g3 g4 28. Kg2 Bd4 29. Bxd4 Rxd4 30. Rxf7 Rd2+ 31. Rf2 Rxf2+ 32. Kxf2 Kd7 33. Ke3 Ke6 34. Kf4 h5 35. Kg5 c5 36. Kxh5 Kf5 37. Kh4 c4 38. h3 b5 39. a3 a5 40. hxg4+ Kg6 41. g5 b4 42. axb4 axb4 43. Kg4 c3 44. bxc3 bxc3 0-1

[Event "Eurasia Open Cup 2019"]
[Site "Ekaterinburg"]
[Date "2019.08.05"]
[Round "5.18"]
[White "Protopopova, Anastasiya"]
[Black "Khusenkhojaev, Muhammad"]
[Result "0-1"]
[ECO "D90"]
[WhiteElo "2272"]
[BlackElo "2441"]
[Annotator "NA"]
[PlyCount "64"]
[EventDate "2019.07.31"]
[EventType "swiss"]
[EventCountry "RUS"]
[SourceTitle "playchess.com"]
[Source "ChessBase"]
[SourceQuality "1"]
[TimeControl "5400+30"]

1. d4 Nf6 2. c4 g6 3. Nc3 d5 4. Nf3 Bg7 5. h4 O-O 6. cxd5 {[%emt 0:00:00] D90: Grünfeld: 4 Nf3 Bg7 sidelines} Nxd5 7. h5 c5 8. hxg6 hxg6 9. Bh6 Bxh6 10. Rxh6 Nxc3 11. bxc3 Kg7 12. Rh4 $146 ({Predecessor:} 12. Qd2 cxd4 {½-½ (42) Li,C (2735)-Svidler,P (2749) Geneva 2017}) 12... cxd4 13. cxd4 Nd7 14. e4 Nf6 15. Rc1 Rh8 16. Rxh8 Kxh8 17. Ng5 Kg7 18. Bc4 e6 19. Kf1 Bd7 20. Qf3 Bc6 21. Rd1 Qc7 22. Bxe6 {[%emt 0:13:50] [#]} Rh8 $17 23. Bh3 Rh5 24. Qe3 Ng4 25. Qc1 Bb5+ 26. Ke1 Qe7 27. Qf4 f5 28. Qc7 Bd7 29. f4 Nf6 30. Qxb7 Rh4 31. g3 Nxe4 32. gxh4 Nd6+ 0-1

[Event "Eurasia Open Cup 2019"]
[Site "Ekaterinburg"]
[Date "2019.08.05"]
[Round "5.19"]
[White "Davtyan, Artur"]
[Black "Isanzhulov, Arystan"]
[Result "1-0"]
[ECO "D37"]
[WhiteElo "2440"]
[BlackElo "2278"]
[Annotator "NA"]
[PlyCount "69"]
[EventDate "2019.07.31"]
[EventType "swiss"]
[EventCountry "RUS"]
[SourceTitle "playchess.com"]
[Source "ChessBase"]
[SourceQuality "1"]
[TimeControl "5400+30"]

1. d4 d5 2. Nf3 e6 3. c4 a6 4. cxd5 exd5 5. Nc3 Nf6 6. Bg5 Be6 7. e3 Nbd7 8. Bd3 Bd6 9. Bf4 Qe7 10. O-O O-O 11. h3 Rfc8 12. Re1 b6 13. Rc1 h6 14. Bb1 $14 Bb4 15. Nd2 c5 16. Qf3 Qf8 17. a3 Ba5 18. Nb3 Bxc3 19. Rxc3 a5 20. Nd2 c4 21. e4 dxe4 22. Nxe4 Nd5 23. Rcc1 b5 24. Bd6 Qd8 25. Nc5 Qb6 26. Qg3 Nxc5 27. dxc5 Rxc5 28. Bxc5 Qxc5 29. Qe5 Qf8 30. Rcd1 Rd8 31. Bf5 Bxf5 32. Qxf5 Nc7 33. Qe5 Rc8 34. Re3 Qe8 35. Qxc7 1-0

[Event "Eurasia Open Cup 2019"]
[Site "Ekaterinburg"]
[Date "2019.08.05"]
[Round "5.21"]
[White "Kopylov, Alexander A."]
[Black "Mamatov, Melis"]
[Result "1/2-1/2"]
[ECO "A07"]
[WhiteElo "2410"]
[BlackElo "2269"]
[Annotator "NA"]
[PlyCount "114"]
[EventDate "2019.07.31"]
[EventType "swiss"]
[EventCountry "RUS"]
[SourceTitle "playchess.com"]
[Source "ChessBase"]
[SourceQuality "1"]
[TimeControl "5400+30"]

1. Nf3 Nf6 2. g3 d5 3. Bg2 Bf5 4. O-O Nc6 5. c4 Qd7 6. cxd5 Nxd5 7. Nc3 e6 8. Re1 Nb6 9. d4 Bg4 10. h3 Bxf3 11. Bxf3 Be7 12. e3 O-O 13. Bg2 $14 Rab8 14. b3 Bb4 15. Bb2 Nd5 16. Rc1 Nce7 17. Qg4 c6 18. Nxd5 cxd5 19. Red1 Rbc8 20. Qe2 Rxc1 21. Rxc1 Rc8 22. Rxc8+ Qxc8 23. Qb5 Bd6 24. e4 Qc6 25. Qa5 Qb6 26. Qa4 Kf8 27. e5 Bb8 28. Ba3 Qc6 29. Qb4 Qc7 30. Bf1 a6 31. Qa4 Ba7 32. Kg2 Bb6 33. Bd6 Qc6 34. Qxc6 bxc6 35. Bxa6 Bxd4 36. Bb7 Ke8 37. f4 c5 38. a4 Kd7 39. a5 Nc6 40. a6 c4 41. bxc4 dxc4 42. Kf3 f6 43. Ke2 f5 44. Kd2 h6 45. h4 g6 46. Ke2 h5 47. Kd2 Na7 48. Bf3 Bf2 49. Kc3 Nb5+ 50. Kxc4 Nxd6+ 51. exd6 Kxd6 52. Kd3 e5 53. fxe5+ Kxe5 54. Ke2 Bc5 55. Bc6 f4 56. Kf3 fxg3 57. Kxg3 Kf6 1/2-1/2

[Event "Eurasia Open Cup 2019"]
[Site "Ekaterinburg"]
[Date "2019.08.05"]
[Round "5.22"]
[White "Popov, Mikhail"]
[Black "Fedotov, Alexey"]
[Result "1-0"]
[ECO "B12"]
[WhiteElo "2397"]
[BlackElo "2141"]
[Annotator "NA"]
[PlyCount "89"]
[EventDate "2019.07.31"]
[EventType "swiss"]
[EventCountry "RUS"]
[SourceTitle "playchess.com"]
[Source "ChessBase"]
[SourceQuality "1"]
[TimeControl "5400+30"]

1. e4 c6 2. d4 d5 3. e5 Bf5 4. h4 h5 5. Bd3 Bxd3 6. Qxd3 e6 7. Bg5 Qb6 8. Nd2 Qa6 9. c4 Bb4 10. b3 Nd7 11. Ne2 Ne7 12. O-O Nb6 13. Rac1 Nf5 14. Ng3 g6 15. Nxf5 gxf5 16. Qc2 Be7 $16 17. Nf3 Bxg5 18. Nxg5 Qa3 19. Qe2 Qe7 20. a4 Qb4 21. Rb1 Rd8 22. Rfc1 Nc8 23. Qe3 Ne7 24. g3 Ng6 25. Nh3 Rd7 26. cxd5 Rxd5 27. Rc4 Qb6 28. b4 a6 29. Rc5 Rxc5 30. dxc5 Qc7 31. Re1 Rg8 32. Ng5 Ne7 33. Qf3 Rh8 34. b5 axb5 35. axb5 cxb5 36. Ra1 Qb8 37. Qe2 Nc6 38. Qxb5 Ke7 39. Rb1 Nd8 40. c6 Nxc6 41. Qc5+ Kd7 42. Nxf7 Rg8 43. Nd6 Nd8 44. Rd1 Ke7 45. Nxf5+ 1-0

[Event "Eurasia Open Cup 2019"]
[Site "Ekaterinburg"]
[Date "2019.08.05"]
[Round "5.23"]
[White "Nosacheva, Mariya"]
[Black "Cherniaev, Alexander"]
[Result "0-1"]
[ECO "B06"]
[WhiteElo "2150"]
[BlackElo "2396"]
[Annotator "NA"]
[PlyCount "162"]
[EventDate "2019.07.31"]
[EventType "swiss"]
[EventCountry "RUS"]
[SourceTitle "playchess.com"]
[Source "ChessBase"]
[SourceQuality "1"]
[TimeControl "5400+30"]

1. e4 g6 2. d4 Bg7 3. Nc3 a6 4. f4 d5 5. Nxd5 e6 6. Ne3 Qxd4 7. Qxd4 Bxd4 8. Nf3 Bg7 9. Bd3 Nd7 10. c3 b6 11. Bc2 Bb7 12. e5 Bxf3 13. gxf3 O-O-O 14. Ke2 f6 15. Ng4 Ne7 16. Bb3 Nd5 $15 17. Rd1 fxe5 18. Bxd5 exd5 19. Rxd5 Rde8 20. Kf2 e4 21. fxe4 h5 22. Ne5 Bxe5 23. fxe5 Nxe5 24. Bf4 Rhf8 25. Rxe5 Rxe5 26. Ke3 Rb5 27. b4 g5 28. Bg3 g4 29. Bf4 h4 30. Rg1 Rg8 31. e5 Rd5 32. Ke4 Rdd8 33. e6 Rde8 34. Kf5 Rgf8+ 35. Ke5 Rxe6+ 36. Kxe6 Rxf4 37. Ke5 Rc4 38. Kf5 Rxc3 39. Rxg4 Rh3 40. Rg2 Ra3 41. Rg4 h3 42. Rh4 Kb7 43. Rh6 a5 44. bxa5 Rxa5+ 45. Ke4 Ra4+ 46. Kd5 Ra3 47. Kc4 Rxa2 48. Rxh3 c5 49. Rh8 Ra4+ 50. Kb3 Rg4 51. h3 Rf4 52. h4 Kc6 53. h5 Rf3+ 54. Kc2 Rh3 55. h6 Kb5 56. h7 c4 57. Kd2 Kb4 58. Rb8 Rh2+ 59. Kc1 Rxh7 60. Rxb6+ Kc3 61. Kb1 Rh1+ 62. Ka2 Kc2 63. Rg6 Rd1 64. Ka3 c3 65. Rg3 Rd4 66. Rg2+ Rd2 67. Rg3 Rh2 68. Kb4 Rh4+ 69. Ka3 Rd4 70. Rg2+ Rd2 71. Rg3 Re2 72. Kb4 Re4+ 73. Ka3 Re7 74. Rg2+ Kd3 75. Rg3+ Re3 76. Rg2 Re2 77. Rg8 Kd2 78. Rc8 c2 79. Kb2 Kd1 80. Ka1 Rd2 81. Rc7 Rd6 0-1

[Event "Eurasia Open Cup 2019"]
[Site "Ekaterinburg"]
[Date "2019.08.05"]
[Round "5.24"]
[White "Khanin, Semen"]
[Black "Manakova, Maria"]
[Result "1-0"]
[ECO "B22"]
[WhiteElo "2517"]
[BlackElo "2237"]
[Annotator "ChessBase"]
[PlyCount "69"]
[EventDate "2019.07.31"]
[EventType "swiss"]
[EventCountry "RUS"]
[SourceTitle "playchess.com"]
[Source "ChessBase"]
[SourceQuality "1"]
[TimeControl "5400+30"]

1. e4 c5 2. Nf3 Nc6 3. c3 d5 4. exd5 Qxd5 5. Na3 Nf6 6. Bc4 Qe4+ 7. Be2 Bg4 8. O-O e6 9. d3 Qd5 10. Nc4 Bh5 11. Qb3 Be7 12. Re1 b6 13. Bf4 O-O 14. a4 Nd7 15. Rad1 g5 16. Be3 g4 17. Nfd2 f5 18. g3 e5 19. Bf1 f4 20. Bg2 f3 21. Bf1 Bf7 22. Ne4 Qe6 23. Qc2 h5 24. h4 Qg6 25. Bg5 Bxg5 26. hxg5 Kg7 27. d4 cxd4 28. cxd4 exd4 29. Ncd6 Bd5 30. Rxd4 Nxd4 31. Qc3 Bxe4 32. Qxd4+ Kh7 33. Rxe4 Qg7 34. Qe3 Kh8 35. Re7 1-0